 Dungeon Crawl Stone Soup version 0.29.1-15-g9cfb28693d (webtiles) character file.

Game seed: 13919050148251122889

148 Agrostarius the Chopper (level 5, -9/47 HPs)
             Began as a Hill Orc Fighter on Mar 31, 2023.
             Mangled by Pikel
             ... wielding a +1 whip of electrocution
              (11 damage)
             ... on level 4 of the Dungeon.
             The game lasted 00:05:21 (2403 turns).

Agrostarius the Chopper (Hill Orc Fighter)          Turns: 2403, Time: 00:05:21

Health: -9/47      AC: 10    Str: 21    XL:     5   Next: 30%
Magic:  0/5        EV:  6    Int:  8    God:
Gold:   211        SH: 10    Dex: 10    Spells: 4/4 levels left

rFire   . . .      SeeInvis .   a - +0 war axe
rCold   . . .      Faith    .   w - +2 kite shield
rNeg    . . .      Spirit   +   i - +0 chain mail
rPois   .          Reflect  .   (no helmet)
rElec   .          Harm     .   (no cloak)
rCorr   .          Rampage  .   j - +0 pair of gloves
Will    .....                   (no boots)
Stlth   ..........              m - amulet of guardian spirit
HPRegen 0.15/turn               (no ring)
MPRegen 0.09/turn               (no ring)

@: mighty
A: no striking features
a: no special abilities


You were on level 4 of the Dungeon.
You visited 1 branch of the dungeon, and saw 4 of its levels.

You collected 211 gold pieces.

Inventory:

Hand Weapons
 a - a +0 war axe (weapon)
Missiles
 f - 5 boomerangs (quivered)
Armour
 c - a +0 buckler
 i - a +0 chain mail (worn)
 j - a +0 pair of gloves (worn)
 w - a +2 kite shield (worn)
Jewellery
 m - an amulet of guardian spirit (around neck)
 u - an amulet of the acrobat
Wands
 y - a wand of paralysis (13)
Scrolls
 e - 3 scrolls of identify {unknown}
 g - a scroll of blinking {unknown}
 k - a scroll of enchant armour {unknown}
 l - a scroll of vulnerability {unknown}
 p - a scroll of teleportation {unknown}
 v - a scroll of immolation {unknown}
Potions
 b - a potion of cancellation {unknown}
 d - 2 potions of might
 h - 3 potions of flight {unknown}
 n - a potion of brilliance {unknown}
 o - 2 potions of curing {unknown}
 q - 2 potions of magic {unknown}
 r - 2 potions of lignification {unknown}
 s - a potion of ambrosia {unknown}
 t - a potion of heal wounds {unknown}
 x - a potion of invisibility {unknown}


   Skills:
 + Level 4.6 Fighting
 + Level 5.2 Axes
 + Level 3.8 Armour
 + Level 0.4 Dodging
 + Level 3.6 Shields


You had 4 spell levels left.
You didn't know any spells.
Your spell library was empty.

Dungeon Overview and Level Annotations

Branches:
Dungeon (4/15)
 Temple: D:4-7

Altars:
Ru

Portals:
Sewer: D:4

Annotations:
D:3 2 transporters, Cheops's ghost, novice MfGl
D:4 Pikel


Message History

You kill the ball python!
You block the lemure's attack.
You hit the lemure.
The lemure is lightly wounded.
The lemure closely misses you. You block the lemure's attack.
The lemure hits you but does no damage.
You completely miss the lemure.
The lemure is lightly wounded.
You closely miss the lemure. The lemure barely misses you. The lemure hits you!
Sorry, you're not good enough to have a special ability.
Unknown command.
Sorry, you're not good enough to have a special ability.
You hit the lemure.
The lemure is lightly wounded.
You barely miss the lemure. You completely miss the lemure.
You block the lemure's attack. The lemure hits you. x2
The lemure splashes around in the water.
You block Pikel's attack. Pikel attacks as you move away!
Pikel hits you with a +1 whip of electrocution!
The lemure attacks as you move away! The lemure hits you but does no damage.
You closely miss Pikel. Pikel closely misses you.
You closely miss Pikel.
Pikel hits you with a +1 whip of electrocution.
You slash Pikel!
Pikel is moderately wounded.
Pikel hits you with a +1 whip of electrocution.
You are electrocuted!
* * * LOW HITPOINT WARNING * * *
You block Pikel's attack.
You feel very mighty all of a sudden. Pikel hits you but does no damage.
You are electrocuted!
* * * LOW HITPOINT WARNING * * *
You closely miss Pikel.
Pikel is lightly wounded.
Pikel barely misses you.
You hit Pikel.
Pikel is moderately wounded.
Pikel hits you but does no damage.
You are electrocuted!
You die...

.. ######.#####
......#...# #..##.#.#
#.....#.######
#.####.##........#
#.....(.......##.######
######.######.#........
#...@.# #.#..######
#..###K#####.#[.#
#..#55.55..##.#..#
#.#..#~w~#..#.####
......~~~~~.....
#...#~~~~~~~#.#.
....~~~~~~~..#
#...~~~∩~~~...
##.~~~~~~~~~.##


You could see Pikel, 2 lemures and a worm.

Vanquished Creatures
  Jessica (D:3)
  Natasha (twice) (D:3)
  A worm (D:3)
  A dart slug (D:2)
  6 bats
  3 endoplasms
  5 giant cockroaches
  7 goblins
  4 hobgoblins
  12 jackals
  3 quokkas
  7 ball pythons
  5 frilled lizards
  3 kobolds (D:3)
  4 rats
64 creatures vanquished.

Notes
Turn   | Place    | Note
-------+----------+-------------------------------------------
     0 | D:1      | Agrostarius the Hill Orc Fighter began the quest for the
                  | Orb.
     0 | D:1      | Reached XP level 1. HP: 19/19 MP: 1/1
   147 | D:1      | Found a faded altar of an unknown god.
   228 | D:1      | Reached XP level 2. HP: 26/27 MP: 2/2
   311 | D:1      | Reached skill level 3 in Axes
   502 | D:1      | Reached XP level 3. HP: 30/33 MP: 3/3
  1427 | D:3      | Noticed Jessica
  1432 | D:3      | Killed Jessica
  1433 | D:3      | Reached skill level 4 in Axes
  1433 | D:3      | Reached XP level 4. HP: 41/41 MP: 4/4
  1437 | D:3      | Found a sacrificial altar of Ru.
  1634 | D:3      | Found a transporter.
  1647 | D:3      | Noticed Cheops's ghost (novice MfGl)
  1898 | D:3      | Found a transporter.
  1935 | D:3      | Noticed Natasha
  1941 | D:3      | Killed Natasha
  1942 | D:3      | Reached XP level 5. HP: 37/47 MP: 3/5
  2176 | D:3      | Noticed Natasha
  2184 | D:3      | Killed Natasha
  2185 | D:3      | Reached skill level 5 in Axes
  2385 | D:4      | Found a glowing drain.
  2386 | D:4      | Noticed a lemure
  2386 | D:4      | Noticed a lemure
  2387 | D:4      | Noticed a lemure
  2388 | D:4      | Noticed Pikel
  2389 | D:4      | Noticed a lemure
  2401 | D:4      | HP: 1/47 [Pikel/+1 whip of electrocution (11)]
  2403 | D:4      | Mangled by Pikel

Illustrated notes

Levels and vault maps discovered:
D:1:      amcnicky_arrival_underground_garden, layout_basic,
          basic_ecumenical_altar
D:2:      layout_loops_ring
D:3:      layout_loops_ring, mainiacjoe_overflow_concentric_impassable,
          gammafunk_ghost_mausoleum, uniq_jessica, uniq_natasha
D:4:      layout_basic, cheibrodos_sewer_entry_drain, minmay_surrounded,
          uniq_pikel, uniq_eustachio, uniq_ijyb

Skill      XL: |  1  2  3  4  5 |
---------------+----------------+-----
Axes           | 3 4 5 |  5.2
Fighting       | 4 |  4.6
Armour         | |  3.8
Dodging        | |  0.4
Shields        | |  3.6

Action                   |  1- 3 |  4- 6 || total
-------------------------+-------+-------++-------
Melee: War axe           |   109 |    63 ||   172
  Use: Potion            |       |     1 ||     1
Armor: Chain mail        |    79 |    34 ||   113
       Scale mail        |     2 |       ||     2
Dodge: Dodged            |    42 |    22 ||    64
Block: Buckler           |    30 |       ||    30
       Kite shield       |       |    40 ||    40
